 Dungeon Crawl Stone Soup version 0.24-a0-584-g9d6b971ae4 (webtiles) character file.

Game seed: 7022867476761482075, levelgen mode: deterministic

524580 DEFE the Acrobat (level 26, -5/208 HPs)
             Began as a Gnoll Monk on Sept 3, 2019.
             Was an Initiate of Gozag.
             Slain by Mennas
             ... wielding a +2 eudemon blade of holy wrath
              (22 damage)
             ... while paralysed
             ... on level 5 of the Vaults.
             The game lasted 02:13:59 (75770 turns).

DEFE the Acrobat (Gnoll Monk)                      Turns: 75770, Time: 02:14:00

Health: -5/208     AC: 29    Str: 23    XL:     26   Next: 0%
Magic:  43/43      EV:  2    Int:  8    God:    Gozag
Gold:   2197       SH:  0    Dex: 29    Spells: 57/57 levels left

rFire    + . .     SeeInvis +   b - +4 Maxwell's thermic engine {flame, freeze}
rCold    + . .     Gourm    .   V - +0 buckler "Toiwadid" {rPois rCorr Int-5 Stlth-}
rNeg     + . .     Faith    .   T - +2 plate armour {MR+}
rPois    +         Spirit   .   U - +2 helmet {SInv}
rElec    .         Reflect  .   N - scarf {cloud immunity}
rCorr    +         Harm     .   q - +1 pair of gloves of a Labyrinth {Dex+9}
MR       +++..                  S - +2 pair of boots {run}
Stlth    +.........             R - amulet of regeneration
HPRegen  0.84/turn              h - ring "Quadwov" {rF+ rN+ MR+}
MPRegen  0.28/turn              a - ring of protection from cold

@: paralysed, berserk cooldown, slowed, glowing, studying Dodging, lightly
drained, quick
A: distributed training, fangs 1, strong nose
}: 2/15 runes: decaying, gossamer
a: Potion Petition, Call Merchant, Bribe Branch, Renounce Religion


You were on level 5 of the Vaults.
You worshipped Gozag.
Gozag was most pleased with you.
You were hungry.

You visited 11 branches of the dungeon, and saw 49 of its levels.
You also visited: Ice Cave.

You collected 24804 gold pieces.
You spent 6353 gold pieces at shops.
You paid 16254 gold pieces to Gozag.

Inventory:

Hand Weapons
 b - the +4 Maxwell's thermic engine (weapon) {flame, freeze}
   (You took it off a deep elf sorcerer on level 3 of the Elven Halls)

   It has been specially enchanted to burn those struck by it, causing extra
   injury to most foes and up to half again as much damage against particularly
   susceptible opponents.
   Big, fiery blades are also staple armaments of hydra-hunters.
   It has been specially enchanted to freeze those struck by it, causing extra
   injury to most foes and up to half again as much damage against particularly
   susceptible opponents.
 K - a +9 vampiric demon trident
Missiles
 i - 20 javelins
 u - 148 poisoned darts (quivered)
 B - 26 atropa-tipped darts
Armour
 q - the +1 pair of gloves of a Labyrinth (worn) {Dex+9}
   (You bought it in a shop on level 2 of the Orcish Mines)

   It affects your dexterity (+9).
 N - a scarf of cloud immunity (worn)
 S - a +2 pair of boots of running (worn)
 T - a +2 plate armour of magic resistance (worn)
 U - a +2 helmet of see invisible (worn)
 V - the +0 buckler "Toiwadid" (worn) {rPois rCorr Int-5 Stlth-}
   (You bought it in a shop on level 2 of the Orcish Mines)

   It affects your intelligence (-5).
   It protects you from poison.
   It provides partial protection from all sources of acid and corrosion.
   It makes you less stealthy.
Jewellery
 a - a ring of protection from cold (right hand)
 h - the ring "Quadwov" (left hand) {rF+ rN+ MR+}
   (You bought it in a shop on level 2 of the Orcish Mines)

   [ring of protection from magic]

   It protects you from fire.
   It protects you from negative energy.
   It affects your resistance to hostile enchantments.
 v - an uncursed ring of see invisible
 R - an amulet of regeneration (around neck)
Wands
 A - a wand of clouds (6)
 F - a wand of digging (9)
 J - a wand of scattershot (3)
 O - a wand of iceblast (51)
 Z - a wand of paralysis (8)
Scrolls
 d - 8 scrolls of enchant armour
 g - 2 scrolls of vulnerability
 k - 8 scrolls of blinking
 l - 18 scrolls of remove curse
 n - 32 scrolls of identify
 o - 15 scrolls of amnesia
 p - a scroll of silence
 w - a scroll of summoning
 x - 4 scrolls of fog
 y - 9 scrolls of magic mapping
 D - 5 scrolls of teleportation
 H - a scroll of enchant weapon
 M - 7 scrolls of fear
 W - 2 scrolls of immolation
 X - a scroll of holy word
Potions
 f - 2 potions of berserk rage
 j - 20 potions of curing
 m - 4 potions of resistance
 r - 7 potions of haste
 s - 6 potions of heal wounds
 t - 8 potions of lignification
 z - 9 potions of brilliance
 C - 3 potions of cancellation
 E - 4 potions of mutation
 G - 3 potions of ambrosia
 L - 6 potions of flight
 P - a potion of invisibility
 Q - 4 potions of agility
Books
 Y - a manual of Dodging
Miscellaneous
 e - a lightning rod (4/4)
 I - a phial of floods
Comestibles
 c - 12 rations


   Skills:
 + Level 17.3(17.1) Fighting
 + Level 16.4(16.2) Short Blades
 + Level 17.3(17.1) Long Blades
 + Level 16.4(16.2) Axes
 + Level 16.4(16.2) Maces & Flails
 + Level 16.4(16.2) Polearms
 + Level 16.4(16.2) Staves
 + Level 16.4(16.2) Slings
 + Level 16.4(16.2) Bows
 + Level 16.4(16.2) Crossbows
 + Level 16.4(16.2) Throwing
 + Level 16.4(16.2) Armour
 + Level 21.1(20.9) Dodging
 + Level 16.8(16.6) Stealth
 + Level 16.4(16.2) Shields
 + Level 16.4(16.2) Unarmed Combat
 + Level 16.4(16.2) Spellcasting
 + Level 14.1(13.9) Conjurations
 + Level 14.1(13.9) Hexes
 + Level 14.1(13.9) Charms
 + Level 14.1(13.9) Summonings
 + Level 14.1(13.9) Necromancy
 + Level 14.1(13.9) Translocations
 + Level 14.1(13.9) Transmutations
 + Level 14.1(13.9) Fire Magic
 + Level 14.1(13.9) Ice Magic
 + Level 14.1(13.9) Air Magic
 + Level 14.1(13.9) Earth Magic
 + Level 14.1(13.9) Poison Magic
 + Level 17.6(17.5) Invocations
 + Level 16.4(16.2) Evocations


You had 57 spell levels left.
You didn't know any spells.
Your spell library contained the following spells:

 Spells                   Type           Power        Failure   Level  Hunger
 Apportation              Tloc           ####..       1%          1    None
 Corona                   Hex            ####...      1%          1    None
 Freeze                   Ice            ####         1%          1    None
 Magic Dart               Conj           ####         1%          1    None
 Sandblast                Erth           ####..       1%          1    None
 Sting                    Conj/Pois      ####         1%          1    None
 Summon Butterflies       Summ           ####....     1%          1    None
 Summon Small Mammal      Summ           ####         1%          1    None
 Call Imp                 Summ           ####....     1%          2    None
 Ensorcelled Hibernation  Hex/Ice        ####..       1%          2    None
 Passwall                 Tmut/Erth      ####....     1%          2    None
 Poisonous Vapours        Pois/Air       ####..       1%          2    None
 Searing Ray              Conj           ####..       1%          2    None
 Slow                     Hex            ####....     1%          2    None
 Call Canine Familiar     Summ           ####....     1%          3    ##.....
 Confuse                  Hex            ####....     1%          3    ##.....
 Conjure Flame            Conj/Fire      ####....     1%          3    ##.....
 Dazzling Spray           Conj/Hex       ####..       1%          3    ##.....
 Gell's Gravitas          Tloc           ####......   1%          3    ##.....
 Inner Flame              Hex/Fire       ####....     1%          3    ##.....
 Lesser Beckoning         Tloc           ####......   1%          3    ##.....
 Mephitic Cloud           Conj/Pois/Air  ####....     1%          3    ##.....
 Portal Projectile        Hex/Tloc       ####..       1%          3    ##.....
 Spider Form              Tmut/Pois      ####......   1%          3    ##.....
 Static Discharge         Conj/Air       ####....     1%          3    ##.....
 Stone Arrow              Conj/Erth      ####..       1%          3    ##.....
 Summon Guardian Golem    Hex/Summ       ####....     1%          3    ##.....
 Tukima's Dance           Hex            ####....     1%          3    ##.....
 Cause Fear               Hex            ####......   1%          4    ####...
 Force Lance              Conj/Tloc      ####....     1%          4    ####...
 Fulminant Prism          Conj/Hex       ####......   1%          4    ####...
 Iskenderun's Mystic Bla  Conj           ####....     1%          4    ####...
 Leda's Liquefaction      Hex/Erth       ####......   1%          4    ####...
 Olgreb's Toxic Radiance  Pois           ####....     1%          4    ####...
 Petrify                  Tmut/Erth      ####....     1%          4    ####...
 Summon Ice Beast         Ice/Summ       ####....     1%          4    ####...
 Summon Lightning Spire   Summ/Air       ####....     1%          4    ####...
 Alistair's Intoxication  Tmut/Pois      ####....     6%          5    #####..
 Aura of Abjuration       Summ           ####......   6%          5    #####..
 Bolt of Magma            Conj/Fire/Erth ####......   6%          5    #####..
 Irradiate                Conj/Tmut      ####......   6%          5    #####..
 Iskenderun's Battlesphe  Conj/Chrm      ####....     6%          5    #####..
 Lee's Rapid Deconstruct  Erth           ####......   6%          5    #####..
 Lightning Bolt           Conj/Air       ####......   6%          5    #####..
 Metabolic Englaciation   Hex/Ice        ####......   6%          5    #####..
 Silence                  Hex/Air        ####......   6%          5    #####..
 Summon Demon             Summ           ####......   6%          5    #####..
 Venom Bolt               Conj/Pois      ####......   6%          5    #####..
 Yara's Violent Unravell  Hex/Tmut       ####......   6%          5    #####..
 Deflect Missiles         Chrm/Air       ####......   32%         6    #######
 Dispersal                Tloc           ####......   32%         6    #######
 Freezing Cloud           Conj/Ice/Air   ####......   32%         6    #######
 Hydra Form               Tmut           ####......   32%         6    #######
 Invisibility             Hex            ####....     32%         6    #######
 Iron Shot                Conj/Erth      ####......   32%         6    #######
 Statue Form              Tmut/Erth      ####.....    32%         6    #######
 Dragon Form              Tmut           ####......   87%         7    #######
 Orb of Destruction       Conj           ####......   87%         7    #######
 Ring of Flames           Chrm/Fire      ####......   87%         7    #######
 Spellforged Servitor     Conj/Summ      ####......   87%         7    #######
 Controlled Blink         Tloc           N/A          100%        8    #######
 Discord                  Hex            ####......   100%        8    #######
 Disjunction              Tloc           ####......   100%        8    #######
 Ignition                 Fire           ####......   100%        8    #######
 Shatter                  Erth           ####......   100%        9    #######
 Tornado                  Air            ####......   100%        9    #######


Dungeon Overview and Level Annotations

Branches:
Dungeon (15/15)            Temple (1/1) D:7            Lair (6/6) D:10
  Swamp (4/4) Lair:4       Spider (4/4) Lair:4        Slime (0/5) Lair:6
    Orc (2/2) D:10            Elf (3/3) Orc:2        Vaults (5/5) D:14
  Crypt (3/3) Vaults:2       Tomb (0/3) Crypt:3      Depths (5/5) D:15
   Hell (visited)             Zot (0/5) Depths:5      IceCv (visited)
    Dis: Hell:1         Geh: Hell:1         Coc: Hell:1         Tar: Hell:1

Altars:
Ashenzari
Cheibriados
Dithmenos
Elyvilon
Fedhas
Gozag
Hepliaklqana
Kikubaaqudgha
Makhleb
Nemelex Xobeh
Okawaru
Qazlal
Ru
Sif Muna
Trog
Uskayaw
Vehumet
Wu Jian
Xom
Yredelemnul
Zin
The Shining One
Jiyva

Shops:
D:5 =   D:12 (   Orc:2 [*=(*:[=[*=(   Elf:2 *=}=   Depths:1 ([!(*=}[([[
Depths:2 }   Depths:5 [*(*

Portals:
Hell: Lair:6 Depths:1 Depths:2 Depths:3 Depths:4 Depths:5
Abyss: Depths:1 Depths:3 Depths:4
Pandemonium: Depths:1 Depths:3 Depths:5
Ziggurat: Depths:1

Annotations:
D:4 Menkaure, Sigmund
D:6 exclusion: statue
D:14 exclusion: Roxanne, Roxanne
Lair:4 exclusion: oklob plant
Lair:5 exclusion: oklob plant
Elf:2 3 runed translucent doors
Vaults:5 Mennas
Crypt:3 1 runed translucent door, Laurchy's ghost, veteran GrEE
Depths:4 exclusion: orange crystal statue
Hell Geryon


Innate Abilities, Weirdness & Mutations

Your experience applies equally to all skills.
You have very sharp teeth.
Your uncanny sense of smell can sniff out nearby items.


Message History

You block the yaktaur captain's attack.
You completely miss Mennas. Your bite misses Mennas.
Mennas hits you with a +2 eudemon blade of holy wrath!
* * * LOW HITPOINT WARNING * * *
Mennas hits you with a +2 eudemon blade of holy wrath.
* * * LOW HITPOINT WARNING * * *
You take 14 damage, and have 72/312 hp.
Unknown command.
Mennas blocks your attack. The yaktaur captain misses you.
You block Mennas's attack. x2
Mennas blocks your attack.
Your bite misses Mennas. You barely miss Mennas. Your bite misses Mennas.
You are no longer berserk.
You pass out from exhaustion.
You feel yourself slow down.
Mennas hits you with a +2 eudemon blade of holy wrath!!
* * * LOW HITPOINT WARNING * * *
Mennas hits you with a +2 eudemon blade of holy wrath!!
You die...
Your body crumbles into a pile of gold.

#.. #... #... #.. #...
.#.#. $ #... #H.# .....
#... #..# .....
#....#..###..#.#.
.#....#...........
#.......(.(.......
........###############
........(.(HA@.........
............c..........
#######################


You could see Mennas, a sphinx and a yaktaur captain.

Vanquished Creatures
  3 ancient liches (Crypt:3)
  A juggernaut (Depths:2)
  A greater mummy (Depths:4)
  Saint Roka (Crypt:1)
  A curse toe (Crypt:3)
  Nikola (Spider:1)
  3 golden dragons
  Arachne (Spider:2)
  A bone dragon (Crypt:2)
  A profane servitor (Crypt:2)
  3 liches
  4 tentacled monstrosities
  Jorgrun (Orc:1)
  2 deep elf blademasters (Elf:3)
  2 deep elf master archers (Elf:3)
  2 thorn hunters
  Gastronok (Lair:3)
  4 sphinxes
  2 storm dragons
  10 ancient champions
  4 tengu reavers
  Kirke (D:12)
  3 shadow dragons
  3 revenants
  9 fire giants
  8 frost giants
  A draconian knight (Depths:5)
  An iron dragon (Depths:5)
  Aizul (Depths:2)
  A caustic shrike zombie (Depths:4)
  5 ghost moths
  7 deep elf sorcerers
  11 vault wardens
  3 emperor scorpions (Spider:4)
  6 ghouls
  An orc warlord (Orc:2)
  A draconian annihilator (Depths:5)
  7 ironheart preservers
  3 deep elf elementalists (Elf:3)
  Louise (D:14)
  3 curse skulls
  2 reapers (Crypt:3)
  A draconian shifter (Depths:5)
  2 spriggan defenders
  A war gargoyle (Vaults:3)
  18 very ugly things
  An entropy weaver (Vaults:3)
  13 stone giants
  7 deep elf demonologists
  A black draconian (Depths:5)
  8 vampire knights
  8 deep elf annihilators
  A red draconian (Depths:5)
  2 yellow draconians (Depths:5)
  4 spark wasps
  A white draconian (Depths:5)
  A dire elephant (Lair:6)
  Azrael (D:14)
  A purple draconian (Depths:5)
  5 eidola
  13 jiangshi
  12 ettins
  Josephine (Spider:1)
  10 deep elf death magi
  Snorg (D:11)
  7 yaktaur captains
  10 fire dragons
  6 vault guards
  5 great orbs of eyes
  4 deep elf high priests
  3 rakshasas
  2 hell beasts
  Erolcha (D:10)
  9 ice dragons
  5 ghost crabs
  The ghost of skumtomte the Fighter, a journeyman DsGl of Gozag (D:11)
  29 hydras
  5 spriggan air magi
  Erica (D:10)
  5 shambling mangroves
  A catoblepas (Lair:6)
  A juggernaut simulacrum (Depths:1)
  17 ogre magi
  10 centaur warriors
  9 tengu warriors
  19 alligators
  4 death knights
  50 two-headed ogres
  7 deep troll earth magi
  5 deep troll shamans
  2 death yaks
  9 vampire magi
  A satyr (shapeshifter) (Depths:3)
  2 hell hogs (Depths:5)
  A shock serpent (shapeshifter) (D:15)
  2 sun demons (Depths:1)
  3 orc high priests
  16 deep elf knights
  A titan zombie (Depths:4)
  2 titan skeletons
  3 spriggan berserkers
  Sonja (D:12)
  2 hell knights (D:15)
  2 soul eaters
  A storm dragon zombie (Crypt:2)
  Nergalle (D:10)
  A salamander mystic (Depths:5)
  30 skeletal warriors
  2 shadow wraiths
  14 deep trolls
  A sea snake (shapeshifter) (Depths:4)
  7 unseen horrors
  2 iron trolls (Depths:4)
  A spark wasp zombie (Depths:4)
  4 glowing orange brains
  10 swamp dragons
  2 spriggan druids (Swamp:3)
  5 flayed ghosts
  A glowing orange brain (shapeshifter) (D:14)
  6 wizards
  A sphinx zombie (Vaults:3)
  9 necromancers
  13 orc knights
  3 lindwurms (Swamp:4)
  21 deep elf archers
  8 harpies
  An iron dragon zombie (Depths:4)
  4 tengu zombies
  2 golden dragon skeletons (Depths:4)
  7 phantasmal warriors
  19 orb spiders
  31 ugly things
  37 wolf spiders
  A fire giant zombie (Vaults:3)
  13 ironbrand convokers
  2 shadow dragon skeletons
  10 orc sorcerers
  A wolf spider zombie (D:15)
  4 cyclopes
  A cyclops (shapeshifter) (Depths:4)
  64 deep elf magi
  3 moths of wrath
  3 salamanders (shapeshifter)
  3 salamanders (Depths:5)
  A stone giant skeleton (Depths:2)
  5 manticores
  A naga mage (D:15)
  A fire giant skeleton (Crypt:2)
  5 spectral swamp worms (Depths:1)
  2 smoke demons (Depths:1)
  2 torpor snails
  6 black mambas
  4 gargoyles
  13 spiny frogs
  11 vault sentinels
  An elephant slug zombie (Crypt:1)
  3 spiny frogs (shapeshifter)
  2 titan simulacra
  2 orange demons (Lair:6)
  8 freezing wraiths
  3 kobold demonologists
  An elf skeleton (Depths:4)
  A dire elephant skeleton (Crypt:2)
  11 komodo dragons
  3 rime drakes
  39 yaktaurs
  2 yaktaurs (shapeshifter)
  A komodo dragon (shapeshifter) (Vaults:1)
  2 swamp worm zombies (Crypt:2)
  9 demonic crawlers
  A green draconian skeleton (Crypt:1)
  2 red devils (Lair:6)
  10 trolls
  4 guardian mummies
  7 tengu conjurers
  A queen bee (shapeshifter) (Vaults:2)
  A merfolk (D:9)
  A jumping spider (shapeshifter) (Vaults:3)
  32 jumping spiders
  3 polar bears
  47 slime creatures
  Grinder (D:6)
  15 blink frogs
  9 hippogriffs
  A shadow dragon simulacrum (Crypt:2)
  11 tyrant leeches
  4 bog bodies
  30 hornets
  A hydra skeleton (Crypt:3)
  A meliai zombie (D:15)
  An ice dragon zombie (Crypt:2)
  A tarantella zombie (Crypt:2)
  A dream sheep (Lair:4)
  2 flying skulls (Crypt:3)
  A frost giant simulacrum (Depths:1)
  4 water elementals
  An alligator zombie (Crypt:1)
  A shadow (Crypt:2)
  55 redbacks
  A redback (shapeshifter) (Vaults:4)
  2 ettin skeletons (Crypt:2)
  A fire dragon skeleton (Crypt:3)
  16 spriggans
  3 wyverns
  An air elemental (Elf:2)
  A hog (shapeshifter) (D:15)
  33 tarantellas
  A tarantella (shapeshifter) (Depths:3)
  9 wraiths
  32 yaks
  A vampire (D:10)
  A basilisk (shapeshifter) (Vaults:4)
  2 fire elementals
  2 hogs (D:12)
  3 hungry ghosts
  3 basilisks
  5 chaos spawn (Depths:1)
  2 elf zombies (Depths:4)
  6 humans
  4 large abominations (Depths:1)
  18 vampire mosquitoes
  A golden eye (shapeshifter) (Elf:2)
  7 wargs
  A soldier ant (shapeshifter) (D:15)
  A soldier ant (D:12)
  17 swamp worms
  An acid dragon (Vaults:2)
  5 insubstantial wisps (Swamp:2)
  18 hell hounds
  6 water moccasins
  A floating eye (Depths:1)
  10 porcupines
  16 ice beasts
  40 orc warriors
  7 sky beasts
  A two-headed ogre skeleton (Crypt:3)
  12 swamp drakes
  3 phantoms
  3 black bears
  A spiny frog skeleton (Crypt:3)
  2 fire dragon simulacra
  2 necrophages
  26 ogres
  An ice dragon simulacrum (Depths:1)
  10 boggarts
  5 wolves
  A lindwurm skeleton (Crypt:3)
  A blink frog skeleton (Crypt:1)
  A snapping turtle skeleton (Crypt:2)
  15 centaurs
  A dream sheep skeleton (Crypt:1)
  17 crocodiles
  A yaktaur zombie (Crypt:2)
  8 big kobolds
  14 bullfrogs
  4 human skeletons (Vaults:3)
  A glowing shapeshifter simulacrum (Vaults:1)
  A water moccasin zombie (D:5)
  3 earth elementals
  An ogre simulacrum (Vaults:1)
  A spiny frog simulacrum (Crypt:2)
  A hornet simulacrum (D:15)
  3 scorpions
  A warg skeleton (Crypt:1)
  6 killer bees (D:13)
  29 wights
  10 electric eels
  3 howler monkeys
  3 small abominations (Depths:1)
  A wolf skeleton (Crypt:1)
  2 bullfrog zombies
  5 centaur zombies
  4 crimson imps
  7 centaur skeletons
  3 human simulacra
  5 hounds
  3 bullfrog skeletons
  23 orc priests
  3 jellies
  Terence (D:2)
  Jessica (D:2)
  7 worker ants
  4 iguanas
  32 orc wizards
  A felid zombie (Crypt:2)
  2 hound zombies
  A hound skeleton (D:8)
  19 mummies
  A worker ant zombie (D:6)
  11 gnolls
  17 adders
  A howler monkey skeleton (D:4)
  A shadow imp (D:11)
  An ooze (D:3)
  An adder skeleton (D:5)
  3 adder zombies
  An iguana skeleton (Crypt:2)
  2 worms (D:2)
  2 dart slugs
  6 leopard geckos
  81 orcs
  A bat skeleton (Crypt:2)
  7 giant cockroaches
  5 goblins
  9 hobgoblins
  7 jackals
  13 kobolds
  2 quokkas
  7 bats
  5 frilled lizards
  A frilled lizard zombie (Crypt:1)
  A hobgoblin zombie (Crypt:3)
  A leopard gecko skeleton (D:8)
  A leopard gecko zombie (Crypt:3)
  A quokka skeleton (Crypt:3)
  6 rats
2029 creatures vanquished.

Vanquished Creatures (collateral kills)
  A lich (Vaults:3)
  Asterion (Spider:2)
  Donald (Swamp:4)
  A war gargoyle (Vaults:3)
  A stone giant (Vaults:3)
  A yaktaur captain (Vaults:3)
  A hydra (Lair:6)
  A wizard (Lair:6)
  An orc knight (Orc:2)
  An orc sorcerer (Orc:2)
  A moth of wrath (Spider:3)
  A hellwing (Lair:6)
  2 yaktaurs (Vaults:3)
  A red devil (Lair:6)
  3 redbacks
  A warg (Orc:2)
  A swamp worm (Lair:4)
  A water moccasin (Lair:6)
  A swamp drake (Swamp:4)
  2 orc warriors (Orc:2)
  3 ice beasts (IceCv)
  A crocodile (Lair:6)
28 creatures vanquished.

Vanquished Creatures (others)
  11 dancing weapons
  A hell hog (Depths:5)
  3 orc warriors (Orc:2)
  A deep elf mage (Elf:1)
  2 wolf spiders
  A spiny frog (Swamp:1)
  A demonic crawler (Spider:4)
  A jumping spider (Spider:1)
  A tyrant leech (Swamp:3)
  A hornet (Swamp:2)
  A spriggan (Swamp:2)
  4 redbacks (Spider:1)
  A swamp drake (Swamp:4)
  An ice beast (IceCv)
  A scorpion (D:9)
  An electric eel (D:14)
  An iguana (D:14)
  An orc (Orc:2)
  4 briar patches (Swamp:4)
  6 fungi
  9 plants
53 creatures vanquished.

Grand Total: 2110 creatures vanquished

Notes
Turn   | Place    | Note
-------+----------+-------------------------------------------
     0 | D:1      | DEFE the Gnoll Monk began the quest for the Orb.
     0 | D:1      | Reached XP level 1. HP: 23/23 MP: 1/1
     0 | D:1      | DEFE: !decentchar
     0 | D:1      | beem: The RNG chooses: MiWr
   210 | D:1      | Reached XP level 2. HP: 26/29 MP: 2/2
   601 | D:2      | Reached XP level 3. HP: 31/35 MP: 3/3
   654 | D:2      | Reached skill level 1 in Invocations
  1088 | D:3      | Reached skill level 1 in Short Blades
  1088 | D:3      | Reached skill level 1 in Axes
  1088 | D:3      | Reached skill level 1 in Maces & Flails
  1088 | D:3      | Reached skill level 1 in Polearms
  1088 | D:3      | Reached skill level 1 in Staves
  1088 | D:3      | Reached skill level 1 in Slings
  1088 | D:3      | Reached skill level 1 in Bows
  1088 | D:3      | Reached skill level 1 in Crossbows
  1088 | D:3      | Reached skill level 1 in Throwing
  1088 | D:3      | Reached skill level 1 in Armour
  1088 | D:3      | Reached skill level 1 in Shields
  1088 | D:3      | Reached skill level 1 in Unarmed Combat
  1088 | D:3      | Reached skill level 1 in Spellcasting
  1088 | D:3      | Reached skill level 1 in Evocations
  1261 | D:3      | Reached XP level 4. HP: 31/41 MP: 5/5
  1570 | D:3      | Noticed a hippogriff
  1622 | D:3      | Killed a hippogriff
  1622 | D:3      | Reached skill level 1 in Conjurations
  1622 | D:3      | Reached skill level 1 in Hexes
  1622 | D:3      | Reached skill level 1 in Charms
  1622 | D:3      | Reached skill level 1 in Summonings
  1622 | D:3      | Reached skill level 1 in Necromancy
  1622 | D:3      | Reached skill level 1 in Translocations
  1622 | D:3      | Reached skill level 1 in Transmutations
  1622 | D:3      | Reached skill level 1 in Fire Magic
  1622 | D:3      | Reached skill level 1 in Ice Magic
  1622 | D:3      | Reached skill level 1 in Air Magic
  1622 | D:3      | Reached skill level 1 in Earth Magic
  1622 | D:3      | Reached skill level 1 in Poison Magic
  1622 | D:3      | Reached XP level 5. HP: 19/47 MP: 5/7
  1622 | D:3      | Reached XP level 6. HP: 21/53 MP: 5/8
  2191 | D:2      | Noticed Jessica
  2205 | D:2      | Killed Jessica
  2295 | D:2      | Noticed Terence
  2331 | D:2      | Killed Terence
  3242 | D:3      | Reached XP level 7. HP: 57/59 MP: 10/10
  3966 | D:3      | Reached skill level 7 in Dodging
  4250 | D:4      | Reached skill level 5 in Stealth
  4482 | D:4      | Reached XP level 8. HP: 56/67 MP: 12/12
  4720 | D:4      | Noticed Menkaure
  4773 | D:4      | Noticed Sigmund
  4865 | D:5      | Entered Level 5 of the Dungeon
  5128 | D:5      | Found Nuuheshi's Jewellery Boutique.
  5710 | D:5      | Found a stormy altar of Qazlal.
  5881 | D:6      | Found a bloodstained altar of Trog.
  6382 | D:6      | Reached XP level 9. HP: 62/72 MP: 14/14
  7065 | D:6      | Found an ancient bone altar of Kikubaaqudgha.
  7066 | D:6      | Found a blossoming altar of Fedhas.
  7254 | D:6      | Noticed Grinder
  7593 | D:6      | Killed Grinder
  7743 | D:6      | Found a radiant altar of Vehumet.
  7906 | D:6      | Reached skill level 8 in Dodging
  8043 | D:7      | Reached skill level 5 in Invocations
  8121 | D:7      | Reached XP level 10. HP: 22/80 MP: 15/17
  8507 | D:7      | Found a staircase to the Ecumenical Temple.
  8521 | Temple   | Entered the Ecumenical Temple
  8626 | Temple   | Became a worshipper of Gozag Ym Sagoz the Greedy
  9009 | D:7      | Reached skill level 5 in Short Blades
  9009 | D:7      | Reached skill level 5 in Axes
  9009 | D:7      | Reached skill level 5 in Maces & Flails
  9009 | D:7      | Reached skill level 5 in Polearms
  9009 | D:7      | Reached skill level 5 in Staves
  9009 | D:7      | Reached skill level 5 in Slings
  9009 | D:7      | Reached skill level 5 in Bows
  9009 | D:7      | Reached skill level 5 in Crossbows
  9009 | D:7      | Reached skill level 5 in Throwing
  9009 | D:7      | Reached skill level 5 in Armour
  9009 | D:7      | Reached skill level 5 in Shields
  9009 | D:7      | Reached skill level 5 in Unarmed Combat
  9009 | D:7      | Reached skill level 5 in Spellcasting
  9009 | D:7      | Reached skill level 5 in Evocations
  9209 | D:8      | Found Koohet's Food Shop.
 10817 | D:8      | Noticed a kobold demonologist
 10824 | D:8      | Killed a kobold demonologist
 10949 | D:8      | Reached XP level 11. HP: 87/87 MP: 19/19
 11099 | D:9      | You fall into a shaft and drop 1 floor!
 11099 | D:10     | Entered Level 10 of the Dungeon
 11253 | D:10     | Noticed Erica
 11267 | D:10     | Killed Erica
 11274 | D:10     | Reached skill level 9 in Dodging
 11397 | D:10     | Reached skill level 5 in Conjurations
 11397 | D:10     | Reached skill level 5 in Hexes
 11397 | D:10     | Reached skill level 5 in Charms
 11397 | D:10     | Reached skill level 5 in Summonings
 11397 | D:10     | Reached skill level 5 in Necromancy
 11397 | D:10     | Reached skill level 5 in Translocations
 11397 | D:10     | Reached skill level 5 in Transmutations
 11397 | D:10     | Reached skill level 5 in Fire Magic
 11397 | D:10     | Reached skill level 5 in Ice Magic
 11397 | D:10     | Reached skill level 5 in Air Magic
 11397 | D:10     | Reached skill level 5 in Earth Magic
 11397 | D:10     | Reached skill level 5 in Poison Magic
 11406 | D:10     | Found a staircase to the Lair.
 13369 | D:10     | Found a staircase to the Orcish Mines.
 13612 | D:10     | Noticed Nergalle
 13616 | D:10     | Noticed a spectral orc warlord
 13628 | D:10     | Killed Nergalle
 13796 | D:11     | Noticed Erolcha
 14063 | Lair:1   | Entered Level 1 of the Lair of Beasts
 15121 | Lair:1   | Reached XP level 12. HP: 45/96 MP: 22/22
 15511 | Lair:2   | Found a frozen archway.
 15643 | IceCv    | Entered an ice cave
 15742 | IceCv    | Found a transporter.
 16106 | IceCv    | Found a transporter.
 17328 | Lair:2   | Noticed a six-headed hydra
 17340 | Lair:2   | Killed a one-headed hydra
 18001 | Lair:3   | Noticed an eight-headed hydra
 18010 | Lair:3   | Killed a four-headed hydra
 18959 | Lair:3   | Reached skill level 10 in Fighting
 18959 | Lair:3   | Reached skill level 10 in Long Blades
 18959 | Lair:3   | Reached skill level 10 in Dodging
 19439 | Lair:3   | Noticed Gastronok
 19556 | Lair:3   | Killed Gastronok
 19900 | Lair:4   | Found a hole to the Spider Nest.
 19917 | Lair:4   | Reached XP level 13. HP: 50/103 MP: 24/24
 22170 | Lair:4   | Found a staircase to the Swamp.
 22583 | Spider:1 | Entered Level 1 of the Spider Nest
 24215 | Lair:6   | Entered Level 6 of the Lair of Beasts
 25955 | Lair:6   | Found a viscous altar of Jiyva.
 25955 | Lair:6   | Found a staircase to the Slime Pits.
 26285 | Lair:6   | Noticed a dire elephant
 26373 | Lair:6   | Killed a dire elephant
 26373 | Lair:6   | Reached XP level 14. HP: 45/111 MP: 26/26
 27317 | Lair:6   | Found a burning altar of Makhleb.
 27363 | Lair:6   | Found a gateway to Hell.
 27953 | Orc:1    | Entered Level 1 of the Orcish Mines
 27954 | Orc:1    | Noticed Maurice
 27963 | Orc:1    | Noticed Maurice
 27963 | Orc:1    | Maurice changed into Maurice the spriggan
 27971 | D:10     | Killed Maurice the spriggan
 28341 | D:10     | Reached skill level 11 in Dodging
 28878 | Orc:2    | Entered Level 2 of the Orcish Mines
 29210 | Orc:2    | Found Dabrois's Book Shop.
 29416 | Orc:2    | Found Focidgh's General Store.
 29442 | Orc:2    | Reached skill level 10 in Stealth
 29468 | Orc:2    | Found Caschutt's Assorted Antiques.
 30300 | Orc:2    | Found Miuheris's Jewellery Boutique.
 30450 | Orc:2    | Bought an uncursed amulet of regeneration for 450 gold
                  | pieces
 30473 | Orc:2    | Noticed an orc warlord
 30582 | Orc:2    | Killed an orc warlord
 30582 | Orc:2    | Reached skill level 10 in Invocations
 30922 | Orc:2    | Found Xeackiash's Antique Armour Shoppe.
 30940 | Orc:2    | Paralysed by an orc sorcerer for 6 turns
 31059 | Orc:2    | Bought a pair of embroidered boots for 202 gold pieces
 31064 | Orc:2    | Identified a +2 pair of boots of running (You bought it in
                  | a shop on level 2 of the Orcish Mines)
 31066 | Orc:2    | Bought a runed hat for 189 gold pieces
 31333 | Orc:2    | Found Fyucydd's Antique Weapon Boutique.
 31353 | Orc:2    | Found Mewaoj's Antique Armour Emporium.
 31363 | Orc:2    | Bought a runed helmet for 120 gold pieces
 31363 | Orc:2    | Bought a transparent buckler for 152 gold pieces
 31363 | Orc:2    | Found a staircase to the Elven Halls.
 31375 | Orc:2    | Identified the +0 buckler "Toiwadid" {rPois rCorr Int-5
                  | Stlth-} (You bought it in a shop on level 2 of the Orcish
                  | Mines)
 31586 | Orc:2    | Bought a +2 plate armour of magic resistance for 640 gold
                  | pieces
 31602 | Orc:2    | Bought a potion of agility for 64 gold pieces
 31602 | Orc:2    | Bought a potion of ambrosia for 128 gold pieces
 31790 | Orc:1    | Found a radiant altar of Vehumet.
 32099 | Orc:1    | Noticed Jorgrun
 32130 | Orc:1    | Killed Jorgrun
 32495 | D:10     | Killed Erolcha
 32643 | D:11     | Found a large runed translucent door.
 32643 | D:11     | Found a large runed translucent door.
 32659 | D:11     | Noticed skumtomte's ghost (journeyman DsGl)
 32690 | D:11     | Found a hazy altar of Hepliaklqana.
 32830 | D:11     | Noticed Snorg
 32844 | D:11     | Killed Snorg
 33210 | D:11     | Killed skumtomte's ghost
 33375 | D:12     | Reached XP level 15. HP: 119/119 MP: 28/28
 33440 | D:12     | Found Zumaih's Weapon Shop.
 33714 | D:12     | Noticed Kirke
 33778 | D:12     | Noticed Sonja
 33810 | D:12     | Killed Sonja
 33938 | D:12     | Killed Kirke
 35421 | D:14     | Noticed Louise
 35463 | D:14     | Killed Louise
 35638 | D:14     | Reached skill level 12 in Dodging
 35723 | D:14     | Reached skill level 10 in Short Blades
 35723 | D:14     | Reached skill level 10 in Axes
 35723 | D:14     | Reached skill level 10 in Maces & Flails
 35723 | D:14     | Reached skill level 10 in Polearms
 35723 | D:14     | Reached skill level 10 in Staves
 35723 | D:14     | Reached skill level 10 in Slings
 35723 | D:14     | Reached skill level 10 in Bows
 35723 | D:14     | Reached skill level 10 in Crossbows
 35723 | D:14     | Reached skill level 10 in Throwing
 35723 | D:14     | Reached skill level 10 in Armour
 35723 | D:14     | Reached skill level 10 in Shields
 35723 | D:14     | Reached skill level 10 in Unarmed Combat
 35723 | D:14     | Reached skill level 10 in Spellcasting
 35723 | D:14     | Reached skill level 10 in Evocations
 35990 | D:14     | Identified Roxanne's Disquisition on Shape Shifting
 35990 | D:14     | Noticed Roxanne
 36110 | D:14     | Noticed Azrael
 36137 | D:14     | Killed Azrael
 36334 | D:14     | Found a gate to the Vaults.
 36384 | D:15     | Entered Level 15 of the Dungeon
 36796 | D:15     | Found a glowing golden altar of the Shining One.
 37074 | D:15     | Found a shattered altar of Ashenzari.
 37109 | D:15     | Found a shadowy altar of Dithmenos.
 37314 | D:15     | Found a staircase to the Depths.
 37343 | D:15     | Reached XP level 16. HP: 124/127 MP: 30/30
 38498 | D:8      | Bought a ration for 55 gold pieces
 38498 | D:8      | Bought a ration for 55 gold pieces
 38498 | D:8      | Bought a ration for 55 gold pieces
 38498 | D:8      | Bought a ration for 55 gold pieces
 38498 | D:8      | Bought a ration for 55 gold pieces
 38498 | D:8      | Bought a ration for 55 gold pieces
 38498 | D:8      | Bought a ration for 55 gold pieces
 38498 | D:8      | Bought a ration for 55 gold pieces
 38498 | D:8      | Bought a ration for 55 gold pieces
 38498 | D:8      | Bought a ration for 55 gold pieces
 38498 | D:8      | Bought a ration for 55 gold pieces
 38666 | Spider:1 | Noticed Nikola
 38695 | Spider:1 | Killed Nikola
 39393 | Spider:1 | Reached skill level 13 in Dodging
 39688 | Spider:1 | Noticed Josephine
 39704 | Spider:1 | Killed Josephine
 41040 | Spider:2 | Noticed Asterion
 41050 | Spider:2 | Killed Asterion
 41424 | Spider:2 | Noticed Arachne
 41449 | Spider:2 | Killed Arachne
 42366 | Spider:4 | Entered Level 4 of the Spider Nest
 43061 | Spider:3 | Reached XP level 17. HP: 114/135 MP: 32/32
 43830 | Spider:4 | Reached skill level 14 in Dodging
 45177 | Spider:4 | Got a gossamer rune of Zot
 45518 | Swamp:1  | Entered Level 1 of the Swamp
 46179 | Swamp:1  | Reached skill level 10 in Conjurations
 46179 | Swamp:1  | Reached skill level 10 in Hexes
 46179 | Swamp:1  | Reached skill level 10 in Charms
 46179 | Swamp:1  | Reached skill level 10 in Summonings
 46179 | Swamp:1  | Reached skill level 10 in Necromancy
 46179 | Swamp:1  | Reached skill level 10 in Translocations
 46179 | Swamp:1  | Reached skill level 10 in Transmutations
 46179 | Swamp:1  | Reached skill level 10 in Fire Magic
 46179 | Swamp:1  | Reached skill level 10 in Ice Magic
 46179 | Swamp:1  | Reached skill level 10 in Air Magic
 46179 | Swamp:1  | Reached skill level 10 in Earth Magic
 46179 | Swamp:1  | Reached skill level 10 in Poison Magic
 46399 | Swamp:2  | Reached XP level 18. HP: 143/143 MP: 33/33
 47716 | Swamp:3  | Reached skill level 15 in Dodging
 48367 | Swamp:4  | Entered Level 4 of the Swamp
 48813 | Swamp:4  | Got a decaying rune of Zot
 49474 | Swamp:4  | Noticed Donald
 49492 | Swamp:4  | Killed Donald
 49790 | Swamp:4  | Identified a scroll of acquirement
 49795 | Swamp:4  | Got a pair of encrusted gloves
 49831 | Swamp:4  | Identified the +1 pair of gloves of Dramatic Exits {Int+4}
                  | (You acquired it on level 4 of the Swamp)
 50399 | Vaults:1 | Entered Level 1 of the Vaults
 50690 | Vaults:1 | Reached XP level 19. HP: 140/151 MP: 35/35
 51715 | Vaults:1 | Reached skill level 16 in Dodging
 52665 | Vaults:2 | Found a staircase to the Crypt.
 53862 | Vaults:2 | Reached XP level 20. HP: 159/159 MP: 36/36
 55599 | Vaults:3 | Reached skill level 17 in Dodging
 57150 | Vaults:4 | Reached XP level 21. HP: 166/166 MP: 38/38
 58340 | Elf:1    | Entered Level 1 of the Elven Halls
 58388 | Orc:2    | Bought the ring "Quadwov" {rF+ rN+ MR+} for 691 gold pieces
 58403 | Orc:2    | Bought the +1 pair of gloves of a Labyrinth {Dex+9} for 601
                  | gold pieces
 58417 | Orc:2    | Bought a crude double sword for 580 gold pieces
 58417 | Orc:2    | Identified the +2 double sword of Irritation {slice, rF+
                  | Str+2} (You bought it in a shop on level 2 of the Orcish
                  | Mines)
 58421 | Orc:2    | Bought a crystal demon whip for 580 gold pieces
 58421 | Orc:2    | Identified the cursed +0 demon whip of Blood {slash, rN+
                  | MR+ Dex+2} (You bought it in a shop on level 2 of the
                  | Orcish Mines)
 58471 | Orc:2    | Bought an uncursed ring of protection from cold for 375
                  | gold pieces
 59031 | Elf:1    | Reached skill level 15 in Fighting
 59031 | Elf:1    | Reached skill level 15 in Long Blades
 59776 | Elf:2    | Reached skill level 15 in Invocations
 59778 | Elf:2    | Found Ytakhlot's Jewellery Boutique.
 59779 | Elf:2    | Found Diapn's Gadget Emporium.
 59780 | Elf:2    | Found Geugir's Jewellery Boutique.
 60024 | Elf:2    | Found a runed translucent gate.
 60024 | Elf:2    | Found a runed translucent gate.
 60025 | Elf:2    | Found a runed translucent gate.
 60284 | Elf:2    | Found Habifu's General Store.
 60304 | Elf:2    | Bought a scroll of immolation for 63 gold pieces
 60510 | Elf:3    | Entered Level 3 of the Elven Halls
 60551 | Elf:3    | Reached skill level 18 in Dodging
 60907 | Elf:3    | Reached XP level 22. HP: 164/175 MP: 40/40
 61610 | Elf:3    | Identified the ring "Wehafyva" {AC+2 Str+5}
 61660 | Elf:3    | Identified the amulet of Departure {RegenMP -Tele MR++
                  | Slay+2}
 61752 | Elf:3    | Identified the ring "Veg Daanogh" {rN+ Int+4 Stlth+}
 61893 | Elf:3    | Identified the cursed +0 scale mail "Bapyih Vami" {rF+}
 61969 | Elf:3    | Identified the Reference Book on Creative Poison
 62571 | Depths:1 | Entered Level 1 of the Depths
 63281 | Depths:1 | Found Rioh's Antique Armour Emporium.
 63325 | Depths:1 | Paralysed by a floating eye for 4 turns
 63332 | Depths:1 | Paralysed by a floating eye for 4 turns
 63398 | Depths:1 | Found Fuzugg's Weapon Shoppe.
 63417 | Depths:1 | Found Vuilir's Distillery.
 63418 | Depths:1 | Found a one-way gate leading to the halls of Pandemonium.
 63422 | Depths:1 | Bought a potion of heal wounds for 100 gold pieces
 63422 | Depths:1 | Bought a potion of heal wounds for 100 gold pieces
 63456 | Depths:1 | Reached skill level 15 in Stealth
 63506 | Depths:1 | Found a gateway to a ziggurat.
 63953 | Depths:1 | Found a one-way gate to the infinite horrors of the Abyss.
 64103 | Depths:1 | Found Isausches's Gadget Shop.
 64266 | Depths:1 | Found Luqit's Antique Weapon Boutique.
 64301 | Hell     | Entered the Vestibule of Hell
 64301 | Hell     | Noticed Geryon
 65158 | Depths:2 | Noticed Aizul
 65171 | Depths:2 | Killed Aizul
 65174 | Depths:2 | Noticed a juggernaut
 65185 | Depths:2 | Killed a juggernaut
 65185 | Depths:2 | Reached XP level 23. HP: 104/183 MP: 41/41
 65423 | Depths:2 | Found Ygutakk's Gadget Boutique.
 65496 | Depths:2 | Reached skill level 19 in Dodging
 66838 | Depths:4 | Reached skill level 15 in Short Blades
 66838 | Depths:4 | Reached skill level 15 in Axes
 66838 | Depths:4 | Reached skill level 15 in Maces & Flails
 66838 | Depths:4 | Reached skill level 15 in Polearms
 66838 | Depths:4 | Reached skill level 15 in Staves
 66838 | Depths:4 | Reached skill level 15 in Slings
 66838 | Depths:4 | Reached skill level 15 in Bows
 66838 | Depths:4 | Reached skill level 15 in Crossbows
 66838 | Depths:4 | Reached skill level 15 in Throwing
 66838 | Depths:4 | Reached skill level 15 in Armour
 66838 | Depths:4 | Reached skill level 15 in Shields
 66838 | Depths:4 | Reached skill level 15 in Unarmed Combat
 66838 | Depths:4 | Reached skill level 15 in Spellcasting
 66838 | Depths:4 | Reached skill level 15 in Evocations
 67342 | Depths:4 | Noticed a golden dragon
 67354 | Depths:4 | Killed a golden dragon
 67925 | Depths:4 | Reached XP level 24. HP: 97/191 MP: 42/42
 68582 | Depths:4 | Noticed a greater mummy
 68593 | Depths:4 | Killed a greater mummy
 69096 | Depths:5 | Entered Level 5 of the Depths
 69618 | Depths:5 | Reached skill level 20 in Dodging
 69671 | Depths:5 | Found Maesmew's Weapon Shop.
 70038 | Depths:5 | Found Quefump's Armour Shop.
 70363 | Depths:5 | Found a gate to the Realm of Zot.
 70534 | Depths:5 | Found Plog's Assorted Antiques.
 70542 | Depths:5 | Bought a scroll of teleportation for 81 gold pieces
 70542 | Depths:5 | Bought a scroll of blinking for 202 gold pieces
 70575 | Depths:5 | Found Ohecwuem's General Store.
 71238 | Crypt:1  | Entered Level 1 of the Crypt
 71465 | Crypt:1  | Reached XP level 25. HP: 193/200 MP: 42/42
 71829 | Crypt:1  | Noticed Saint Roka
 71877 | Crypt:1  | Killed Saint Roka
 72344 | Crypt:2  | Found a basalt altar of Yredelemnul.
 72429 | Crypt:2  | Identified Akirhiv's Grimoire of Stones and the Glacier
 73271 | Crypt:3  | Entered Level 3 of the Crypt
 74411 | Crypt:3  | Found a runed translucent door.
 74413 | Crypt:3  | Noticed Laurchy's ghost (veteran GrEE)
 74561 | Crypt:3  | Noticed an ancient lich
 74561 | Crypt:3  | Noticed an ancient lich
 74582 | Crypt:3  | Killed an ancient lich
 74582 | Crypt:3  | Reached skill level 21 in Dodging
 74598 | Crypt:3  | Killed an ancient lich
 74685 | Crypt:3  | Noticed an ancient lich
 74709 | Crypt:3  | Killed an ancient lich
 74886 | Crypt:3  | Identified the ring "Qaut" {rF+ rC- Str+4 Stlth+} (You
                  | found it on level 3 of the Crypt)
 74948 | Crypt:3  | Found a staircase to the Tomb.
 75359 | Depths:1 | Reached XP level 26. HP: 195/208 MP: 43/43
 75400 | Depths:1 | Bought a glowing helmet for 150 gold pieces
 75421 | Depths:1 | Bought a glowing scarf for 280 gold pieces
 75714 | Vaults:5 | Entered Level 5 of the Vaults
 75724 | Vaults:5 | Noticed Mennas
 75770 | Vaults:5 | Slain by Mennas

Levels and vault maps discovered:
D:1:      minmay_arrival_open_corners, layout_loops_cross,
          chequers_serial_rivers_micro_a
D:2:      layout_basic, uniq_terence, uniq_jessica
D:3:      layout_basic
D:4:      layout_loops_cross, first_ration, uniq_menkaure, uniq_sigmund
D:5:      layout_basic, serial_shops, kennysheep_mini_moat, grunt_qazlal_clouds
D:6:      layout_basic, grunt_temple_overflow_growth_and_decay,
          kennysheep_little_box, vehumet_statue, uniq_grinder
D:7:      layout_gridville, minmay_temple_entry_stoned_glass, minmay_ruffians
D:8:      minmay_polygon_palace, layout_cave_pools, special_room
          [special_room_kobold], serial_shops, nicolae_shop_statue_plus
D:9:      layout_long_grid, hangedman_fish_farm, lemuel_flamethrower_2
D:10:     layout_cave_pods, lair_entry_dummy, orc_0_dummy, serial_bayou,
          serial_bayou_pond_b, serial_bayou_pond_d, serial_bayou_pond_a,
          serial_bayou_lake_a, serial_bayou_pond_c, uniq_nergalle, uniq_erica
D:11:     layout_gridville, basic_altar, ebering_ghost_disaster_area,
          minivault_19, uniq_erolcha, uniq_snorg
D:12:     layout_loops_ring, serial_shops, shop, uniq_kirke, uniq_sonja
D:13:     layout_cave_pools, serial_column_ruins, column_ruins_grid_1,
          column_ruins_grid_4, column_ruins_corridor_straight,
          column_ruins_grid_1, hex_medium
D:14:     layout_rooms, david_vaults_1, chequers_serial_rivers_small_b,
          disabler_island, uniq_louise, uniq_roxanne, uniq_azrael
D:15:     grunt_enter_depths_magical_seal, layout_basic,
          nicolae_dithmenos_through_a_glass_darkly, jmf_multi_god_temple
Temple:   regret_index_temple_mists
Lair:1:   layout_gridlike, beast_lair_carwin_2
Lair:2:   layout_cave_pods, portal_ice_cave_entry_ice_beasts,
          serial_bayou_shore_b, infiniplex_staircase_pool
Lair:3:   layout_long_grid, grunt_megastairs_4, uniq_gastronok
Lair:4:   layout_misc_corridors, palyth_hydra_swamp_entry,
          spider_nest_entry_rubble, chequers_serial_rivers_small_3,
          minmay_shattered_shrine
Lair:5:   layout_cave_pods, grunt_forest_large_clearing_hut, grunt_megastairs_2
Lair:6:   evil_forest, layout_small_grid, slime_altar_1,
          cheibrodos_lair_lostbears
Swamp:1:  layout_basic_swamp, hangedman_swamp_ruin_wall
Swamp:2:  layout_falls_marsh, infiniplex_staircase_pool_2
Swamp:3:  layout_basic_swamp, nicolae_swamp_dense_foliage, swamp_pool3,
          nicolae_swamp_hydra_murder_den
Swamp:4:  swamp_alternative, layout_basic_swamp, grunt_lady_of_the_lake,
          uniq_donald
Spider:1: layout_spider_delve, nicolae_spider_webs_and_nodes, uniq_nikola,
          uniq_josephine
Spider:2: layout_spider_delve, uniq_asterion, uniq_arachne
Spider:3: layout_spider_delve, drop_trap
Spider:4: johnstein_spider_rune_arachne_lair
Orc:1:    layout_caves, basic_altar, uniq_maurice, uniq_jorgrun
Orc:2:    grunt_orc_gardens, layout_caves, grunt_orc_garden, grunt_orc_garden,
          grunt_orc_garden, grunt_orc_garden, serial_shops, shop, shop,
          nicolae_shop_trees
Elf:1:    minmay_elf_arrival_circle, layout_geoelf_diagonals,
          hangedman_elf_disciples
Elf:2:    layout_geoelf_octagon, serial_shops, shop, moated_statue,
          moated_statue, minmay_shop_grove
Elf:3:    elf_hall, layout_gridlike, grunt_megastairs_1
Vaults:1: nicolae_vaults_three_branches, v_alt_pattern_3, vaults_room_pools,
          nicolae_vaults_windows_and_doors_thing, v_pattern_1,
          ontoclasm_vaults_ligature, v_rooms_1, v_misc_9, vaults_room_pool,
          ontoclasm_vaults_twist, nicolae_vaults_network_star,
          grunt_vaults_hallway_short, vaults_room_pools, vaults_room_large_hall,
          layout_vaults_omnicross
Vaults:2: vaults_standard_mumra_lines, minmay_crypt_entry_simple_box, v_misc_3,
          hangedman_vaults_corner_blocks, nicolae_vaults_network_quinsquares
          [nicolae_vaults_network_quincunx_subvault,
          nicolae_vaults_network_quincunx_subvault,
          nicolae_vaults_network_quincunx_subvault,
          nicolae_vaults_network_quincunx_subvault], v_misc_10,
          nicolae_vaults_alarming, v_misc_15, vaults_mumra_lcd,
          vaults_dpeg_ring, layout_vaults_omnigrid
Vaults:3: vaults_standard_mumra_x, hangedman_vaults_restitches,
          ontoclasm_vaults_fault, vaults_room_hallway, ontoclasm_vaults_hangar,
          v_misc_9, kb_rosetta, vaults_room_octagon,
          ontoclasm_vaults_loading_screen, ontoclasm_vaults_spin,
          ontoclasm_vaults_gateway, v_rooms_4, v_pattern_2, vaults_room_pool,
          layout_vaults_omnibox
Vaults:4: v_misc_33, st_squares, nicolae_vaults_little_squares_1,
          nicolae_vaults_specimen_jars, hangedman_vaults_impose,
          hangedman_vaults_restitches, ontoclasm_vaults_decontamination,
          nicolae_vaults_border_crossing, vaults_room_grunt_arrival_ludios,
          layout_vaults_big_room
Vaults:5: serial_shops, uniq_mennas
Crypt:1:  layout_chaotic_city, grunt_megastairs_3, uniq_saint_roka
Crypt:2:  gammafunk_crypt_yreds_forest, layout_rooms
Crypt:3:  david_glass_crypt, layout_chaotic_city,
          nicolae_tomb_entry_unfolded_pyramid_diagonal,
          ebering_ghost_inner_flame
Depths:1: layout_gridlike, enter_ziggurat_e, serial_shops, shop,
          nicolae_shop_temple_entry_statues_fountains, nicolae_shop_stone,
          nicolae_shop_crystal, nicolae_shop_behind_doors,
          pf_hell_entry_tar_river, pan_entry, minmay_room_of_horrors,
          library_closet, evilmike_ambush [evilmike_ambush_outer_basic,
          evilmike_ambush_inner_basic]
Depths:2: kennysheep_scales, layout_honeycomb, serial_shops, shop_fountains,
          minmay_stone_trees_small, hell_entry, minmay_holes,
          kennysheep_doodads, uniq_aizul
Depths:3: minmay_dotted_concentric_squares, layout_cave_pools, pf_coc_iceberg,
          abyss_entry, pan_entry, infiniplex_staircase_zigzag_3
Depths:4: lemuel_minitomb, layout_small_grid, hangedman_abyss_entry_splay,
          pf_dread_powers_of_hell, special_room [special_room_mythical_zoo],
          minivault_16, eino_curves_03
Depths:5: grunt_zot_entry_funnels, layout_cave_pools, pan_entry, serial_shops,
          shop, nicolae_shop_overgrown_old_shop, shop,
          nicolae_shop_window_shopping, serial_sigils_hangedman_gut,
          grunt_hell_horde
Hell

Skill      XL: |  1  2  3  4  5  6  7  8  9 10 11 12 13 14 15 16 17 18 19 20 21 22 23 24 25 |
---------------+----------------------------------------------------------------------------+-----
Invocations    | 1 2 3 4 5 6 7 8 9 10 11 12 13 14 15 16 17 | 17.6
Short Blades   | 1 2 3 4 5 6 7 8 9 10 11 12 13 14 15 16 | 16.4
Axes           | 1 2 3 4 5 6 7 8 9 10 11 12 13 14 15 16 | 16.4
Maces & Flails | 1 2 3 4 5 6 7 8 9 10 11 12 13 14 15 16 | 16.4
Polearms       | 1 2 3 4 5 6 7 8 9 10 11 12 13 14 15 16 | 16.4
Staves         | 1 2 3 4 5 6 7 8 9 10 11 12 13 14 15 16 | 16.4
Slings         | 1 2 3 4 5 6 7 8 9 10 11 12 13 14 15 16 | 16.4
Bows           | 1 2 3 4 5 6 7 8 9 10 11 12 13 14 15 16 | 16.4
Crossbows      | 1 2 3 4 5 6 7 8 9 10 11 12 13 14 15 16 | 16.4
Throwing       | 1 2 3 4 5 6 7 8 9 10 11 12 13 14 15 16 | 16.4
Armour         | 1 2 3 4 5 6 7 8 9 10 11 12 13 14 15 16 | 16.4
Shields        | 1 2 3 4 5 6 7 8 9 10 11 12 13 14 15 16 | 16.4
Unarmed Combat | 1 2 3 4 5 6 7 8 9 10 11 12 13 14 15 16 | 16.4
Spellcasting   | 1 2 3 4 5 6 7 8 9 10 11 12 13 14 15 16 | 16.4
Evocations     | 1 2 3 4 5 6 7 8 9 10 11 12 13 14 15 16 | 16.4
Conjurations   | 1 2 3 4 5 6 7 8 9 10 11 12 13 14 | 14.1
Hexes          | 1 2 3 4 5 6 7 8 9 10 11 12 13 14 | 14.1
Charms         | 1 2 3 4 5 6 7 8 9 10 11 12 13 14 | 14.1
Summonings     | 1 2 3 4 5 6 7 8 9 10 11 12 13 14 | 14.1
Necromancy     | 1 2 3 4 5 6 7 8 9 10 11 12 13 14 | 14.1
Translocations | 1 2 3 4 5 6 7 8 9 10 11 12 13 14 | 14.1
Transmutations | 1 2 3 4 5 6 7 8 9 10 11 12 13 14 | 14.1
Fire Magic     | 1 2 3 4 5 6 7 8 9 10 11 12 13 14 | 14.1
Ice Magic      | 1 2 3 4 5 6 7 8 9 10 11 12 13 14 | 14.1
Air Magic      | 1 2 3 4 5 6 7 8 9 10 11 12 13 14 | 14.1
Earth Magic    | 1 2 3 4 5 6 7 8 9 10 11 12 13 14 | 14.1
Poison Magic   | 1 2 3 4 5 6 7 8 9 10 11 12 13 14 | 14.1
Fighting       | 7 8 9 10 11 12 13 14 15 16 17 | 17.3
Long Blades    | 7 8 9 10 11 12 13 14 15 16 17 | 17.3
Dodging        | 7 8 9 10 11 12 13 14 15 16 17 18 19 20 21 | 21.1
Stealth        | 5 6 7 8 9 10 11 12 13 14 15 16 | 16.8

Action                   |  1- 3 |  4- 6 |  7- 9 | 10-12 | 13-15 | 16-18 | 19-21 | 22-24 | 25-27 || total
-------------------------+-------+-------+-------+-------+-------+-------+-------+-------+-------++-------
Melee: Falchion          |    79 |   152 |   484 |   142 |       |       |       |       |       ||   857
       Bite              |    10 |    20 |    82 |   132 |   358 |   390 |   433 |   497 |   222 ||  2144
       Punch             |       |     2 |     8 |    13 |       |       |       |       |       ||    23
       Long sword        |       |       |       |    89 |       |       |       |       |       ||    89
       Scimitar          |       |       |       |   615 |  1469 |       |       |       |       ||  2084
       Demon trident     |       |       |       |       |   286 |  2389 |  2563 |   486 |       ||  5724
       Unarmed           |       |       |       |       |     2 |       |       |       |       ||     2
       Double sword      |       |       |       |       |       |       |       |  1405 |   787 ||  2192
Throw: Boomerang         |       |       |     8 |     6 |     1 |       |       |       |       ||    15
       Dart              |       |       |     6 |   104 |   117 |     9 |       |       |       ||   236
       Throwing net      |       |       |     1 |       |       |       |       |       |       ||     1
Invok: Potion Petition   |       |       |       |     1 |       |     1 |     2 |     1 |       ||     5
       Call Merchant     |       |       |       |       |       |       |     5 |       |     6 ||    11
Evoke: Wand              |       |       |       |     9 |    14 |    21 |       |       |     2 ||    46
       Phial of floods   |       |       |       |       |     2 |     3 |       |       |       ||     5
       Lightning rod     |       |       |       |       |    13 |     2 |     9 |     7 |       ||    31
  Use: Potion            |       |     4 |     1 |     5 |     7 |     4 |     2 |       |     1 ||    24
       Scroll            |       |       |     8 |    11 |    12 |    25 |     3 |     6 |     7 ||    72
 Stab: Sleeping          |     6 |     4 |    13 |     8 |       |       |     1 |     1 |     1 ||    34
       Distracted        |       |     1 |     2 |     3 |    10 |    27 |    15 |    35 |     3 ||    96
       Held in net/web   |       |       |     1 |       |       |     1 |       |       |       ||     2
       Invisible         |       |       |       |     2 |     7 |       |       |       |       ||     9
       Petrified         |       |       |       |       |     8 |       |       |       |       ||     8
       Paralysed         |       |       |       |       |     4 |    35 |       |       |       ||    39
       Confused          |       |       |       |       |       |     3 |       |       |       ||     3
  Eat: Chunk             |       |     8 |     9 |       |       |       |       |       |       ||    17
       Ration            |       |       |     2 |    12 |    17 |    14 |    10 |    10 |     4 ||    69
Armor: Robe              |     7 |     6 |     2 |       |       |       |       |       |       ||    15
       Skin              |       |    50 |       |       |       |       |       |       |       ||    50
       Ring mail         |       |       |    91 |    74 |       |       |       |       |       ||   165
       Plate armour      |       |       |       |   309 |   791 |  1312 |   611 |   556 |   224 ||  3803
Dodge: Dodged            |    57 |    91 |   345 |   516 |   802 |  1558 |   993 |  1136 |   443 ||  5941
Block: Buckler           |       |       |       |   116 |   370 |   898 |   576 |   693 |   265 ||  2918
       Shield            |       |       |       |       |   372 |       |       |       |       ||   372
       Rpst.: Falchion   |    19 |    29 |    96 |    55 |       |       |       |       |       ||   199
       Long sword        |       |       |       |    18 |       |       |       |       |       ||    18
       Scimitar          |       |       |       |    83 |   171 |       |       |       |       ||   254
       Double sword      |       |       |       |       |       |       |       |   154 |    85 ||   239

Table legend:
 A = Non-vault XP
 B = Vault XP
 C = Vault XP percentage of total XP
 D = Non-vault monster count
 E = Vault monster count
 F = Vault count percentage of total count
                 A         B        C        D         E       F
            +---------+---------+-------+---------+---------+-------
      Total |  634760 |  473143 |  42.7 |    1466 |     610 |  29.4
            +---------+---------+-------+---------+---------+-------
        D:1 |      30 |       0 |   0.0 |      18 |       0 |   0.0
        D:2 |     108 |      75 |  41.0 |      16 |       2 |  11.1
        D:3 |     603 |       0 |   0.0 |      36 |       0 |   0.0
        D:4 |     481 |       0 |   0.0 |      20 |       0 |   0.0
        D:5 |     900 |       0 |   0.0 |      27 |       0 |   0.0
        D:6 |     834 |    1057 |  55.9 |      24 |       5 |  17.2
        D:7 |    1539 |     389 |  20.2 |      20 |       2 |   9.1
        D:8 |    1673 |    1628 |  49.3 |      31 |      21 |  40.4
        D:9 |    3499 |     309 |   8.1 |      21 |       1 |   4.5
       D:10 |    4003 |    2936 |  42.3 |      41 |       4 |   8.9
       D:11 |     713 |    2048 |  74.2 |      12 |       2 |  14.3
       D:12 |    5547 |    3168 |  36.4 |      31 |       4 |  11.4
       D:13 |    7284 |       0 |   0.0 |      29 |       0 |   0.0
       D:14 |   13786 |    4670 |  25.3 |      36 |      11 |  23.4
       D:15 |    4688 |   23761 |  83.5 |      14 |      30 |  68.2
     Lair:1 |    3636 |    1162 |  24.2 |      17 |       4 |  19.0
     Lair:2 |    4612 |    1034 |  18.3 |      20 |       8 |  28.6
     Lair:3 |    2622 |    3133 |  54.4 |      12 |       2 |  14.3
     Lair:4 |    7865 |    6349 |  44.7 |      29 |      17 |  37.0
     Lair:5 |    7214 |       0 |   0.0 |      26 |       0 |   0.0
     Lair:6 |    2845 |   10621 |  78.9 |      10 |      28 |  73.7
    Swamp:1 |   14810 |       0 |   0.0 |      36 |       0 |   0.0
    Swamp:2 |   18594 |       0 |   0.0 |      50 |       0 |   0.0
    Swamp:3 |   13514 |     983 |   6.8 |      29 |       1 |   3.3
    Swamp:4 |   14762 |   19061 |  56.4 |      28 |      25 |  47.2
   Spider:1 |    7953 |    5093 |  39.0 |      30 |       5 |  14.3
   Spider:2 |   10647 |    6291 |  37.1 |      36 |       2 |   5.3
   Spider:3 |    8932 |    3375 |  27.4 |      21 |       7 |  25.0
   Spider:4 |   17159 |   26800 |  61.0 |      54 |      44 |  44.9
      Orc:1 |    2435 |    3305 |  57.6 |      25 |       2 |   7.4
      Orc:2 |    8950 |   10219 |  53.3 |      37 |      27 |  42.2
      Elf:1 |   20952 |    5942 |  22.1 |      35 |      11 |  23.9
      Elf:2 |   20624 |    3544 |  14.7 |      35 |       4 |  10.3
      Elf:3 |   14637 |   46724 |  76.1 |      25 |      35 |  58.3
   Vaults:1 |   37075 |   30698 |  45.3 |      60 |      46 |  43.4
   Vaults:2 |   14137 |   19025 |  57.4 |      30 |      29 |  49.2
   Vaults:3 |   47209 |   27465 |  36.8 |      78 |      27 |  25.7
   Vaults:4 |   13927 |   25405 |  64.6 |      25 |      30 |  54.5
   Vaults:5 |       0 |    1018 | 100.0 |       0 |       1 | 100.0
    Crypt:1 |   26673 |   11294 |  29.7 |      41 |      15 |  26.8
    Crypt:2 |   23658 |   24200 |  50.6 |      37 |      17 |  31.5
    Crypt:3 |   24341 |   42575 |  63.6 |      32 |      28 |  46.7
   Depths:1 |   22048 |   12407 |  36.0 |      30 |      29 |  49.2
   Depths:2 |   35019 |   13176 |  27.3 |      54 |       7 |  11.5
   Depths:3 |   19690 |   14417 |  42.3 |      26 |      10 |  27.8
   Depths:4 |   69240 |   28911 |  29.5 |      71 |      36 |  33.6
   Depths:5 |   53292 |   27886 |  34.4 |      51 |      25 |  32.9
      IceCv |       0 |     989 | 100.0 |       0 |       6 | 100.0
            +---------+---------+-------+---------+---------+-------
